 Dungeon Crawl Stone Soup version 0.21.1-1-g345015f (webtiles) character file.

123 sankara the Slasher (level 5, -5/35 HPs)
             Began as a Halfling Fighter on Feb 16, 2018.
             Killed by divine providence
             ... invoked by an orc priest
              (11 damage)
             ... on level 3 of the Dungeon.
             The game lasted 00:06:30 (2349 turns).

sankara the Slasher (Halfling Fighter)              Turns: 2349, Time: 00:06:31

Health: -5/35      AC:  6    Str: 17    XL:     5   Next: 29%
Magic:  5/5        EV:  8    Int:  6    God:
Gold:   51         SH:  9    Dex: 15    Spells: 4/4 levels left

rFire    . . .     SeeInvis .   a - +0 long sword
rCold    . . .     Gourm    .   c - +0 shield
rNeg     . . .     Faith    .   u - +0 scale mail
rPois    .         Spirit   .   (no helmet)
rElec    .         Reflect  .   (no cloak)
rCorr    .         Harm     .   (no gloves)
MR       .....                  (no boots)
Stlth    ..........             (no amulet)
HPRegen  0.11/turn              (no ring)
MPRegen  0.09/turn              (no ring)

@: no status effects
A: small, mutation resistance 1
a: no special abilities


You were on level 3 of the Dungeon.
You were not hungry.

You visited 1 branch of the dungeon, and saw 3 of its levels.

You collected 51 gold pieces.

Inventory:

Hand Weapons
 a - a +0 long sword (weapon)
 b - a +0 hunting sling
Missiles
 k - 76 stones (quivered)
Armour
 c - a +0 shield (worn)
 u - a +0 scale mail (worn)
Jewellery
 o - an uncursed amulet of harm {unknown}
Scrolls
 g - a scroll of fog {unknown}
 h - a scroll of identify {unknown}
 i - a scroll of random uselessness {unknown}
 n - a scroll of enchant armour {unknown}
 p - a scroll of fear {unknown}
 q - 2 scrolls of immolation {unknown}
 r - a scroll of teleportation {unknown}
 s - 2 scrolls of amnesia {unknown}
Potions
 d - a potion of might
 e - 4 potions of heal wounds {unknown}
 j - a potion of resistance {unknown}
 l - a potion of curing {unknown}
 m - a potion of magic {unknown}
 t - a potion of brilliance {unknown}
Comestibles
 f - 5 rations


   Skills:
 + Level 2.7 Fighting
 * Level 5.0 Long Blades
 + Level 0.2 Slings
 - Level 3.2 Armour
 - Level 3.2 Shields


You had 4 spell levels left.
You didn't know any spells.

Dungeon Overview and Level Annotations

Branches:
Dungeon (3/15)

Altars:


Innate Abilities, Weirdness & Mutations

You are small and have problems with some larger weapons.
You are somewhat resistant to further mutation.


Message History

The orc priest is moderately wounded.
The orc priest barely misses you.
You riposte.
You hit the orc priest but do no damage.
The orc priest is moderately wounded.
The orc priest mumbles some strange prayers to Beogh against you.
Pain shoots through your body!
Your shield prevents you from hitting the orc priest.
The orc priest is moderately wounded.
You block the orc priest's attack.
You hit the orc priest.
The orc priest is heavily wounded.
The orc priest invokes the aid of Beogh against you.
Pain shoots through your body!
* * * LOW HITPOINT WARNING * * *
A hobgoblin comes into view. It is wielding a club.
You are too injured to fight recklessly!
You are too injured to fight recklessly!
The orc priest calls down the wrath of Beogh upon you.
Beogh smites you!
You die... #.# #.# #.# ..# #hh

#o# #o#
#@#
#...>....
........g
####......
......
#.....
....$
....#


You could see an orc priest, an orc, 2 jackals and a hobgoblin.

Vanquished Creatures
  3 gnolls (D:2)
  3 adders
  3 oozes (D:1)
  A worm (D:2)
  A dart slug (D:1)
  2 orcs (D:3)
  7 bats
  A giant cockroach (D:2)
  6 goblins
  7 hobgoblins
  3 jackals (D:2)
  2 kobolds
  A quokka (D:2)
  A frilled lizard (D:2)
  11 rats
52 creatures vanquished.

Notes
Turn   | Place    | Note
-------+----------+-------------------------------------------
     0 | D:1      | sankara the Halfling Fighter began the quest for the Orb.
     0 | D:1      | Reached XP level 1. HP: 15/15 MP: 1/1
   117 | D:1      | Reached XP level 2. HP: 20/20 MP: 2/2
   138 | D:1      | Reached skill level 3 in Long Blades
   174 | D:1      | Reached XP level 3. HP: 25/25 MP: 3/3
   845 | D:2      | Reached skill level 4 in Long Blades
   845 | D:2      | Reached XP level 4. HP: 16/30 MP: 4/4
  1669 | D:2      | Reached XP level 5. HP: 24/35 MP: 5/5
  2160 | D:2      | Reached skill level 5 in Long Blades
  2349 | D:3      | Killed from afar by an orc priest

Skill      XL: |  1  2  3  4  5 |
---------------+----------------+-----
Long Blades    | 3 4 5 |  5.0
Fighting       | |  2.7
Slings         | |  0.2
Armour         | |  3.2
Shields        | |  3.2

Action                   |  1- 3 |  4- 6 || total
-------------------------+-------+-------++-------
Melee: Long sword        |    41 |   100 ||   141
 Fire: Hunting sling     |       |    20 ||    20
  Eat: Chunk             |       |     5 ||     5
Armor: Scale mail        |    16 |    47 ||    63
Dodge: Dodged            |    21 |    37 ||    58
Block: Shield            |    26 |    49 ||    75
       Rpst.: Long sword |     7 |    13 ||    20
